General information
- name: BNet
- type: Ladder team game (AT/RT)
- host: Battle.net
- saver: 4g.grooby
map: Battleground_LV
- players: 8
- length: 11:55
- speed: Fast
- version: 1.29 W3XP
- replay type: Public
» download(122 KB)
Players
team 1 (loser)
kingundead (
orange | 39 APM | 452 actions | 11:35)
1 Death Knight
1 Unholy Aura
» actions
| Assign group hotkey | 1 | |
| Basic commands | 44 | |
| Build / train | 29 | |
| ESC pressed | 1 | |
| Enter build submenu | 7 | |
| Enter hero's abilities submenu | 1 | |
| Right click | 213 | |
| Select / deselect | 142 | |
| Select group hotkey | 3 | |
| Use ability | 11 | |
452 total
» units
» buildings
| Crypt | 1 | |
| Ziggurat | 3 | |
| Altar of Darkness | 1 | |
| Tomb of Relics | 1 | |
| Halls of the Dead | 2 | |
| Graveyard | 1 | |
| Black Citadel | 1 | |
10 total
» build order
00:12 Crypt
00:17 Ziggurat
00:33 Altar of Darkness
00:50 Tomb of Relics
01:09 Ziggurat
02:08 Ziggurat
06:55 Halls of the Dead
06:55 Halls of the Dead
09:22 Graveyard
09:24 Black Citadel
» items
SinceWc1 (
yellow | 66 APM | 775 actions | 11:49)
3 Mountain King
2 Storm Bolt
1 Bash
» actions
| Assign group hotkey | 21 | |
| Basic commands | 41 | |
| Build / train | 43 | |
| Enter build submenu | 23 | |
| Enter hero's abilities submenu | 3 | |
| Right click | 315 | |
| Select / deselect | 220 | |
| Select group hotkey | 63 | |
| Use ability | 46 | |
775 total
» units
» upgrades
» buildings
| Barracks | 2 | |
| Farm | 9 | |
| Altar of Kings | 1 | |
| Lumber Mill | 1 | |
| Scout Tower | 12 | |
| Arcane Vault | 2 | |
| Guard Tower | 6 | |
| Town Hall | 1 | |
| Blacksmith | 1 | |
| Keep | 1 | |
36 total
» build order
01:09 Barracks
01:11 Farm
01:13 Farm
01:24 Barracks
01:36 Altar of Kings
01:48 Farm
02:29 Farm
03:13 Lumber Mill
03:22 Farm
05:31 Scout Tower
05:41 Arcane Vault
06:11 Guard Tower
06:16 Scout Tower
06:29 Farm
07:12 Farm
07:46 Town Hall
07:48 Scout Tower
07:49 Scout Tower
07:50 Scout Tower
07:52 Scout Tower
07:54 Scout Tower
07:56 Guard Tower
08:13 Blacksmith
08:15 Farm
08:21 Guard Tower
08:28 Arcane Vault
08:46 Guard Tower
09:25 Guard Tower
09:28 Scout Tower
09:29 Scout Tower
09:30 Scout Tower
09:31 Scout Tower
09:32 Scout Tower
10:07 Farm
10:16 Keep
10:19 Guard Tower
4g.grooby (
green | 22 APM | 268 actions | 11:55)
» actions
| Basic commands | 80 | |
| Build / train | 18 | |
| Enter build submenu | 1 | |
| Right click | 68 | |
| Select / deselect | 86 | |
| Use ability | 15 | |
268 total
» units
» buildings
| Scout Tower | 1 | |
| Arcane Tower | 1 | |
2 total
» build order
00:21 Scout Tower
01:04 Arcane Tower

»
Kmac (
red | 33 APM | 396 actions | 11:55)
2 Blood Mage
1 Flame Strike
1 Siphon Mana
» actions
| Assign group hotkey | 5 | |
| Basic commands | 57 | |
| Build / train | 30 | |
| ESC pressed | 3 | |
| Enter build submenu | 14 | |
| Enter hero's abilities submenu | 2 | |
| Right click | 64 | |
| Select / deselect | 145 | |
| Select group hotkey | 52 | |
| Use ability | 23 | |
396 total
» units
| Peasant | 9 | |
| Footman | 10 | |
| Gryphon Rider | 5 | |
24 total
» buildings
| Altar of Kings | 1 | |
| Barracks | 1 | |
| Farm | 7 | |
| Lumber Mill | 1 | |
| Keep | 1 | |
| Town Hall | 1 | |
| Arcane Vault | 1 | |
| Castle | 1 | |
| Gryphon Aviary | 2 | |
| Blacksmith | 1 | |
17 total
» build order
00:08 Altar of Kings
00:13 Barracks
00:39 Farm
00:41 Farm
02:05 Lumber Mill
02:13 Farm
03:22 Keep
04:27 Town Hall
05:53 Arcane Vault
05:57 Castle
07:23 Gryphon Aviary
08:17 Gryphon Aviary
09:09 Farm
09:29 Blacksmith
09:50 Farm
09:52 Farm
09:53 Farm
» items
team 2 (winner)
MisanthropiC. (
blue | 67 APM | 802 actions | 11:55)
3 Archmage
2 Summon Water Elemental
1 Brilliance Aura
2 Naga Sea Witch
1 Frost Arrows
1 Forked Lightning
» actions
| Assign group hotkey | 9 | |
| Basic commands | 27 | |
| Build / train | 42 | |
| ESC pressed | 3 | |
| Enter build submenu | 14 | |
| Enter hero's abilities submenu | 6 | |
| Give item / drop item | 1 | |
| Right click | 389 | |
| Select / deselect | 209 | |
| Select group hotkey | 63 | |
| Use ability | 37 | |
802 total
» units
| Peasant | 11 | |
| Forest Troll Shadow Priest | 5 | |
| Forest Troll Berserker | 2 | |
| Spell Breaker | 5 | |
| Priest | 2 | |
25 total
» buildings
| Altar of Kings | 1 | |
| Farm | 7 | |
| Scout Tower | 1 | |
| Arcane Tower | 4 | |
| Keep | 1 | |
| Arcane Vault | 1 | |
| Blacksmith | 1 | |
| Lumber Mill | 1 | |
| Arcane Sanctum | 2 | |
| Town Hall | 1 | |
20 total
» build order
00:26 Altar of Kings
00:45 Farm
01:21 Scout Tower
01:31 Farm
01:47 Arcane Tower
01:47 Arcane Tower
01:48 Arcane Tower
01:48 Arcane Tower
02:08 Farm
03:18 Keep
03:47 Arcane Vault
04:16 Blacksmith
04:18 Farm
05:06 Farm
05:07 Farm
05:07 Farm
05:16 Lumber Mill
05:44 Arcane Sanctum
05:45 Arcane Sanctum
08:12 Town Hall
» items
| Scroll of Regeneration | 1 | |
| Boots of Speed | 1 | |
2 total

»
AltRight1488 (
pink | 129 APM | 1540 actions | 11:55)
4 Dreadlord
2 Sleep
2 Vampiric Aura
» actions
| Assign group hotkey | 61 | |
| Basic commands | 73 | |
| Build / train | 77 | |
| ESC pressed | 10 | |
| Enter build submenu | 22 | |
| Enter hero's abilities submenu | 4 | |
| Give item / drop item | 3 | |
| Right click | 414 | |
| Select / deselect | 269 | |
| Select group hotkey | 551 | |
| Use ability | 56 | |
1540 total
» units
| Acolyte | 7 | |
| Ghoul | 14 | |
| Obsidian Statue | 2 | |
23 total
» upgrades
| Unholy Strength | 3 | |
| Unholy Armor | 3 | |
| Necromancer Training | 3 | |
| Skeletal Longevity | 1 | |
| Ghoul Frenzy | 1 | |
| Backpack | 1 | |
| Skeletal Mastery | 2 | |
14 total
» buildings
| Graveyard | 1 | |
| Crypt | 2 | |
| Altar of Darkness | 1 | |
| Ziggurat | 6 | |
| Tomb of Relics | 2 | |
| Necropolis | 1 | |
| Halls of the Dead | 3 | |
| Spirit Tower | 6 | |
| Black Citadel | 2 | |
| Temple of the Damned | 1 | |
| Slaughterhouse | 2 | |
27 total
» build order
00:09 Graveyard
00:14 Crypt
00:43 Altar of Darkness
01:00 Ziggurat
01:30 Tomb of Relics
01:32 Tomb of Relics
01:59 Ziggurat
04:01 Ziggurat
04:43 Necropolis
05:18 Halls of the Dead
05:18 Halls of the Dead
05:18 Halls of the Dead
05:25 Spirit Tower
05:25 Spirit Tower
06:02 Crypt
07:17 Ziggurat
07:38 Black Citadel
07:39 Black Citadel
07:41 Temple of the Damned
07:42 Slaughterhouse
08:20 Spirit Tower
08:20 Spirit Tower
08:56 Ziggurat
09:58 Spirit Tower
09:58 Spirit Tower
10:29 Slaughterhouse
11:38 Ziggurat
» items
| Rod of Necromancy | 2 | |
| Sacrificial Skull | 1 | |
| Orb of Corruption | 1 | |
4 total
Spree_Killer (
purple | 49 APM | 590 actions | 11:55)
1 Death Knight
1 Death Coil
» actions
| Build / train | 45 | |
| Enter build submenu | 15 | |
| Enter hero's abilities submenu | 2 | |
| Right click | 439 | |
| Select / deselect | 67 | |
| Use ability | 22 | |
590 total
» units
| Acolyte | 6 | |
| Ghoul | 9 | |
| Obsidian Statue | 4 | |
19 total
» upgrades
| Creature Attack | 2 | |
| Creature Carapace | 2 | |
| Destroyer Form | 1 | |
5 total
» buildings
| Crypt | 2 | |
| Altar of Darkness | 1 | |
| Graveyard | 1 | |
| Tomb of Relics | 1 | |
| Ziggurat | 6 | |
| Nerubian Tower | 2 | |
| Spirit Tower | 6 | |
| Halls of the Dead | 2 | |
| Black Citadel | 2 | |
| Slaughterhouse | 3 | |
26 total
» build order
00:32 Crypt
00:38 Crypt
00:53 Altar of Darkness
01:01 Graveyard
01:07 Tomb of Relics
01:39 Ziggurat
02:07 Ziggurat
02:35 Ziggurat
02:56 Nerubian Tower
03:11 Ziggurat
03:17 Ziggurat
03:37 Ziggurat
03:42 Nerubian Tower
03:59 Spirit Tower
04:12 Spirit Tower
04:24 Spirit Tower
04:25 Spirit Tower
04:38 Spirit Tower
04:38 Spirit Tower
06:09 Halls of the Dead
06:09 Halls of the Dead
08:32 Black Citadel
08:32 Black Citadel
08:38 Slaughterhouse
08:55 Slaughterhouse
09:10 Slaughterhouse
» items
| Sacrificial Skull | 2 | |
| Dust of Appearance | 1 | |
3 total

»
GymWolvez.Com (
teal | 49 APM | 587 actions | 11:55)
3 Mountain King
2 Storm Bolt
1 Bash
3 Firelord
2 Soul Burn
1 Incinerate
2 Naga Sea Witch
1 Frost Arrows
1 Forked Lightning
» actions
| Assign group hotkey | 5 | |
| Basic commands | 38 | |
| Build / train | 56 | |
| ESC pressed | 5 | |
| Enter build submenu | 20 | |
| Enter hero's abilities submenu | 8 | |
| Remove unit from queue | 2 | |
| Right click | 166 | |
| Select / deselect | 164 | |
| Select group hotkey | 73 | |
| Use ability | 50 | |
587 total
» units
| Peasant | 15 | |
| Flying Machine | 17 | |
32 total
» upgrades
| Gunpowder | 1 | |
| Flak Cannons | 1 | |
| Flying Machine Bombs | 1 | |
3 total
» buildings
| Farm | 8 | |
| Keep | 2 | |
| Altar of Kings | 1 | |
| Lumber Mill | 1 | |
| Blacksmith | 2 | |
| Castle | 1 | |
| Workshop | 3 | |
| Arcane Vault | 1 | |
| Town Hall | 1 | |
20 total
» build order
00:51 Farm
01:33 Keep
01:33 Keep
01:42 Altar of Kings
03:30 Lumber Mill
03:40 Farm
03:58 Blacksmith
04:00 Blacksmith
04:31 Farm
04:31 Farm
05:04 Castle
05:18 Workshop
05:20 Workshop
05:21 Workshop
06:47 Arcane Vault
07:19 Farm
07:22 Farm
07:25 Farm
07:28 Farm
11:14 Town Hall
» items
| Scroll of Regeneration | 2 | |
| Potion of Lesser Invulnerability | 1 | |
3 total
Chat log
(00:06 / Allies) kingundead: rush
(00:07 / Allies) kingundead: rush
(00:10 / Allies) 4g.grooby: k
(00:13 / Allies) SinceWc1: k
(00:14 / Allies) 4g.grooby: 40 food and lets hit
(00:55 / Allies) SinceWc1: dbl barr foots mk
(01:13 / All) AltRight1488: RIP WARSKI
(02:06 / Allies) SinceWc1: ?
(02:11 / Allies) SinceWc1: anything green?
(02:16 / Allies) kingundead: some one is always throwing
(02:22 / Allies) SinceWc1: ya
(02:40 / Allies) SinceWc1: he feeding?
(02:52 / Allies) kingundead: he has 1400 gold id oubt it
(02:55 / Allies) 4g.grooby: yes baby wants milk
(02:57 / Allies) 4g.grooby: mmm
(03:49 / Allies) kingundead: kil him
(03:51 / Allies) 4g.grooby: what's your problem?
(04:54 / Allies) Kmac: why do you waste your time queing for games just to tk?
(05:04 / Allies) 4g.grooby: I didn't tk
(05:06 / Allies) 4g.grooby: ya'll tkedm e
(05:13 / Allies) Kmac: yah
(05:18 / Allies) Kmac: that's what i'm wondering
(05:23 / Allies) Kmac: why they care enough to try and tk you after 1min
(05:28 / Allies) kingundead: lol green
(05:35 / Allies) kingundead: you trolly polly
(05:35 / Allies) Kmac: if he's going to troll let him
(05:40 / Allies) Kmac: you just wasted your time by engaging him
(05:53 / Allies) kingundead: green's a trolllolol
(06:00 / Allies) Kmac: then let him
(06:02 / Allies) kingundead: goofy
(06:06 / Allies) Kmac: you tk
(06:09 / Allies) Kmac: tk is worse than a troll
(06:20 / Allies) kingundead: gg green
(06:23 / Allies) Kmac: no
(06:26 / Allies) Kmac: your logic is flawed
(06:29 / Allies) kingundead: stfu
(06:31 / Allies) Kmac: you attacked him
(06:31 / Allies) kingundead: he hasd 1400g
(06:34 / Allies) kingundead: and no buildings
(06:35 / Allies) Kmac: big deal
(06:37 / Allies) kingundead: stfu
(06:47 / Allies) Kmac: a tker is worse than a memer
(06:52 / Allies) kingundead: youre just as dumb as he is
(06:59 / All) 4g.grooby: These men steal my land, top right outside base
(07:01 / Allies) Kmac: you have 0 self awareness
(07:10 / All) 4g.grooby: They killed my farmers and razed my village
(07:23 / Allies) kingundead: green knows he is game ruining
(07:27 / Allies) kingundead: so what
(07:27 / Allies) Kmac: then let him
(07:34 / Allies) Kmac: you're acting just as retarded as he is
(07:35 / Allies) Kmac: by tking
(07:38 / Allies) kingundead: i seen his trash all the time
(07:48 / Allies) Kmac: then go play 1v1
(07:52 / Allies) Kmac: if you can't handle people trolling
(08:01 / All) 4g.grooby: you going to let them just take this land and tower it? Top right outside
(08:09 / Allies) kingundead: stfu green and leave
(08:13 / Allies) 4g.grooby: Why should I?
(08:17 / Allies) kingundead: go ruin another game green
(08:21 / Allies) 4g.grooby: Ya'll tagteamed me
(08:27 / Allies) Kmac: he didn't do anythng but save gold
(08:28 / All) 4g.grooby: Watch out top right
(08:28 / Allies) kingundead: so green tell me
(08:29 / Allies) Kmac: you tkd him
(08:32 / All) 4g.grooby: a maniac is on the loose
(08:32 / Allies) kingundead: what were you building?
(08:46 / Allies) 4g.grooby: I had big plans, but you'll never know them
(08:49 / Allies) Kmac: orange, you need to get off of the internet
(08:50 / Allies) kingundead: lol
(08:52 / Allies) kingundead: yea lol
(08:54 / Allies) kingundead: i know you
(08:57 / Allies) Kmac: it's clearly too much for your feeble llittle brain
(09:01 / Allies) kingundead: 3k cash and a town
(09:04 / Allies) kingundead: i know you :)
(09:30 / Allies) 4g.grooby: Maybe they have tks like yellow and orange on their team
(09:41 / Allies) SinceWc1: game
(09:42 / Allies) kingundead: stfu green
(09:47 / Allies) kingundead: you ad red are fuck buddies
(09:48 / All) 4g.grooby: Hey skip the base below that
(09:49 / Allies) 4g.grooby: he towred it
(09:50 / All) MisanthropiC.: yellow
(09:52 / All) 4g.grooby: he towreed it
(09:53 / Allies) kingundead: red still doesnt know shit
(09:56 / All) 4g.grooby: go to the next base
(09:57 / All) 4g.grooby: no towers
(09:59 / Allies) kingundead: he thinks you were playing
(10:03 / Allies) kingundead: thats how dumb red is
(10:04 / All) 4g.grooby: don't hit this base
(10:06 / All) 4g.grooby: go down 1
(10:08 / All) MisanthropiC.: yellow got big brain
(10:09 / Allies) Kmac: i said he ws trolling
(10:14 / Allies) Kmac: but you are more retarded for tking
(10:16 / Allies) Kmac: cn you even read?
(10:29 / Allies) SinceWc1: help
(10:39 / All) 4g.grooby: no towers, only militia
(10:42 / Allies) SinceWc1: cmon u fucktards
(10:43 / Allies) SinceWc1: 3v4
(10:45 / Allies) SinceWc1: cant let me die
(10:54 / Allies) Kmac: orange is butthurt
(10:56 / Allies) Kmac: poor thing
(11:05 / All) MisanthropiC.: dude yellow
(11:07 / Allies) 4g.grooby: Hah, GAAAAAAAAAAAY
(11:08 / All) MisanthropiC.: nice username
(11:17 / All) MisanthropiC.: if u been playing since warcrafrt 1
(11:18 / Allies) 4g.grooby: orange got stomped by militia and need to tagteam in
(11:20 / All) MisanthropiC.: you aint so good
(11:21 / All) MisanthropiC.: lol
(11:26 / Allies) Kmac: people like orange are why mcdonalds employment exists
(11:28 / Allies) 4g.grooby: I fight by myself, a true ultimate warrior
(11:31 / Allies) Kmac: always need a job for the retards
(11:54 / All) 4g.grooby: gg we had tks